[Event "Titled Tuesday Blitz May 23 Early 2023"]
[White "Mladek, Richard"]
[Black "Kovacsy, Barnabas"]
[WhiteFideId "386588"]
[BlackFideId "769290"]
[WhiteElo "2332"]
[BlackElo "2130"]
[Result "1-0"]
[Round "04"]
[TimeControl "180+2"]
[Date "2023.05.23"]
[WhiteClock "0:00:12"]
[BlackClock "0:00:08"]

1. c4 Nf6 2. Nc3 d5 3. cxd5 Nxd5 4. e4 Nxc3 5. bxc3 g6 6. d4 Bg7 7. Nf3 c5 8. h3 Nc6 9. Be3 Qa5 10. Bd2 O-O 11. Be2 Rd8 12. O-O cxd4 13. cxd4 Qb6 14. d5 Nd4 15. Nxd4 Qxd4 16. Rb1 Qxe4 17. Bf3 Qd4 18. Qe2 e6 19. Ba5 b6 20. Rfd1 Qa4 21. dxe6 Bxe6 22. Bxa8 Rxa8 23. Be1 Qxa2 24. Qf3 Re8 25. Bc3 Qa3 26. Rd3 Bf5 27. Qc6 Rc8 28. Qxc8+ Bxc8 29. Rd8+ Bf8 30. Bb4 Qa2 31. Rc1 Be6 32. Bxf8 f5 33. Bh6+ Kf7 34. Rc7+ Kf6 35. Bf4 g5 36. Rf8+ Kg6 37. Be5 f4 38. Rg7+ Kh5 39. Rxh7+ 1-0


[Site "https://www.chess.com"]

[Event "Titled Tuesday Blitz May 23 Early 2023"]
[White "Sovetbekova, Nurai"]
[Black "Hamley, Ryan"]
[WhiteFideId "13801910"]
[BlackFideId "30959497"]
[WhiteElo "1857"]
[BlackElo "2507"]
[Result "0-1"]
[Round "04"]
[TimeControl "180+2"]
[Date "2023.05.23"]
[WhiteClock "0:00:00"]
[BlackClock "0:00:09"]

1. d4 Nf6 2. c4 g6 3. Nc3 Bg7 4. e4 d6 5. Nf3 O-O 6. Be2 Nbd7 7. O-O e5 8. Be3 Qe7 9. Qc2 c6 10. Rad1 a5 11. b3 Ng4 12. Bg5 Ngf6 13. Rfe1 h6 14. Bh4 g5 15. Bg3 Nh5 16. dxe5 dxe5 17. Nd2 Nf4 18. Bg4 Nc5 19. Bxc8 Raxc8 20. Nf1 Rfd8 21. Ne3 Qe6 22. Bxf4 exf4 23. Nf5 Be5 24. Ne2 Kh7 25. Ned4 Qf6 26. Nf3 Ne6 27. Rxd8 Rxd8 28. Rd1 Rxd1+ 29. Qxd1 Ng7 30. Nxg7 Kxg7 31. Qd7 Bd6 32. h3 Qe7 33. Qf5 Qe6 34. Qxa5 Qxe4 35. Qb6 Qe7 36. Qa5 Bc5 37. Qc3+ Kg8 38. Qc2 Qf6 39. a4 h5 40. Qe2 g4 41. Nd2 f3 42. gxf3 gxh3 43. f4 Qg6+ 44. Kf1 Qg2+ 45. Ke1 h2 46. Qe8+ Bf8 0-1


[Site "https://www.chess.com"]

[Event "Titled Tuesday Blitz May 23 Early 2023"]
[White "Hajiyev, Kanan"]
[Black "Yanayt, Eugene"]
[WhiteFideId "13404148"]
[BlackFideId "2020165"]
[WhiteElo "2103"]
[BlackElo "2083"]
[Result "0-1"]
[Round "04"]
[TimeControl "180+2"]
[Date "2023.05.23"]
[WhiteClock "0:00:32"]
[BlackClock "0:00:18"]

1. d4 Nf6 2. c4 g6 3. Nf3 Bg7 4. g3 O-O 5. Bg2 d6 6. O-O Nc6 7. b3 e5 8. Bb2 Nd7 9. dxe5 Ncxe5 10. Nc3 Re8 11. Qd2 Nxf3+ 12. exf3 Nc5 13. Nd5 c6 14. Bxg7 Kxg7 15. Qd4+ f6 16. Ne3 Qc7 17. Rad1 Rd8 18. f4 Ne6 19. Qc3 c5 20. f5 Nd4 21. fxg6 Ne2+ 22. Kh1 Nxc3 23. Rd3 Ne2 24. gxh7 Nd4 25. Nd5 Qf7 26. Re1 Re8 27. Rxe8 Qxe8 28. Re3 Qxe3 29. fxe3 Kxh7 30. exd4 cxd4 31. Nxf6+ Kg6 32. Nd5 Bg4 33. Nf4+ Kh7 34. h3 Bd1 35. Bxb7 Re8 36. Kg2 Bc2 37. Kf3 d3 38. Nd5 d2 39. Nc3 d1=Q+ 40. Nxd1 Bxd1+ 41. Kf4 Re2 42. Bf3 Rf2 0-1


[Site "https://www.chess.com"]

[Event "Titled Tuesday Blitz May 23 Early 2023"]
[White "Baches Garcia, Guillermo"]
[Black "Georg, Heinz"]
[WhiteFideId "2209764"]
[BlackFideId "4607295"]
[WhiteElo "2505"]
[BlackElo "2318"]
[Result "1-0"]
[Round "04"]
[TimeControl "180+2"]
[Date "2023.05.23"]
[WhiteClock "0:00:12"]
[BlackClock "0:00:13"]

1. e4 e5 2. Nf3 Nc6 3. Nc3 Nf6 4. d4 Bb4 5. Nxe5 O-O 6. Qd3 Re8 7. Bd2 Nxe5 8. dxe5 Rxe5 9. O-O-O d6 10. a3 Ba5 11. f3 Re8 12. g4 Nd7 13. Qb5 c6 14. Qh5 Ne5 15. Be2 g6 16. Qh6 Qf6 17. h4 Qg7 18. Qf4 Bc7 19. h5 d5 20. Qh6 d4 21. Qxg7+ Kxg7 22. Na4 b5 23. Nc5 Bb6 24. Nd3 Nc4 25. hxg6 hxg6 26. Bh6+ Kg8 27. Bg5 Kg7 28. Bh6+ Kg8 29. Bg5 Bd8 30. Bxd8 Rxd8 31. Rh6 Ne3 32. Rdh1 Be6 33. g5 Kf8 34. Ne5 Rac8 35. Rh7 Nc4 36. Bxc4 bxc4 37. f4 d3 38. f5 gxf5 39. exf5 Bd5 40. f6 d2+ 41. Kd1 Bf3+ 42. Nxf3 Ke8 43. Rg7 Kd7 44. Rxf7+ Kd6 45. Nxd2 Kc5 46. c3 Rd3 47. Rh2 Rcd8 48. Kc2 Re8 49. Rxa7 Ree3 50. Ra5+ Kb6 51. Rf5 Rg3 52. f7 Rd8 53. f8=Q Rxf8 54. Rxf8 Rxg5 55. Rf4 c5 56. Rxc4 Kb5 57. a4+ Kc6 58. Nb3 Kb6 59. Rxc5 Rg1 60. Rh6+ Kb7 61. Rf5 Rg7 62. Rfh5 Kc7 63. Rh7 Rxh7 64. Rxh7+ Kc6 65. Rh5 Kb6 66. Na1 Kc6 67. b3 Kb6 68. b4 Kc6 69. c4 Kb6 70. Kb2 Kc6 71. Ka2 Kb6 72. Kb3 1-0


[Site "https://www.chess.com"]

[Event "Titled Tuesday Blitz May 23 Early 2023"]
[White "Sliwicki, Damian"]
[Black "Manon-og, Ramon Jr."]
[WhiteFideId "1127128"]
[BlackFideId "5200776"]
[WhiteElo "2030"]
[BlackElo "2312"]
[Result "1-0"]
[Round "04"]
[TimeControl "180+2"]
[Date "2023.05.23"]
[WhiteClock "0:01:47"]
[BlackClock "0:00:52"]

1. e4 c5 2. Nf3 d6 3. d4 cxd4 4. Qxd4 Nc6 5. Bb5 Bd7 6. Bxc6 Bxc6 7. Nc3 e5 8. Qd3 h6 9. Be3 Nf6 10. O-O-O Be7 11. Kb1 O-O 12. g4 Nxg4 13. Rhg1 Nxe3 14. Qxe3 Kh8 15. Nxe5 Bf6 16. Ng4 Bh4 17. Nxh6 g6 18. Nf5 Bf6 19. Rxd6 Kg8 20. Rxd8 Raxd8 21. e5 Rfe8 22. Nh6+ Kf8 23. Qf4 1-0


[Site "https://www.chess.com"]

[Event "Titled Tuesday Blitz May 23 Early 2023"]
[White "Goldin, Roman"]
[Black "Tokman, Ariel"]
[WhiteFideId "2803860"]
[BlackFideId "117420"]
[WhiteElo "2312"]
[BlackElo "2263"]
[Result "0-1"]
[Round "04"]
[TimeControl "180+2"]
[Date "2023.05.23"]
[WhiteClock "0:00:00"]
[BlackClock "0:00:34"]

1. Nf3 c5 2. e4 Nc6 3. c3 Nf6 4. e5 Nd5 5. g3 d6 6. exd6 e6 7. Bg2 Bxd6 8. O-O O-O 9. Na3 Be7 10. Re1 Bd7 11. Nc4 Qc7 12. d3 Rad8 13. Qe2 Bf6 14. Bg5 Nce7 15. h4 h6 16. Bxf6 Nxf6 17. Nfe5 Bc6 18. Nxc6 Nxc6 19. a4 Rfe8 20. Rad1 Nd5 21. f4 Nce7 22. Ne5 Nf5 23. Qf2 Nf6 24. g4 Nd6 25. g5 hxg5 26. hxg5 Nd5 27. g6 fxg6 28. Nxg6 Nf5 29. Be4 Qf7 30. Ne5 Qf6 31. Re2 Rf8 32. Rde1 Nh6 33. Qg3 Nxf4 34. Rf2 Nh3+ 0-1


[Site "https://www.chess.com"]

[Event "Titled Tuesday Blitz May 23 Early 2023"]
[White "Estrada Nieto, Julian"]
[Black "Li, Hui"]
[WhiteFideId "5101018"]
[BlackFideId "15400310"]
[WhiteElo "2161"]
[BlackElo "1966"]
[Result "0-1"]
[Round "04"]
[TimeControl "180+2"]
[Date "2023.05.23"]
[WhiteClock "0:00:09"]
[BlackClock "0:00:05"]

1. e4 e5 2. Nf3 Nf6 3. d4 exd4 4. Bd3 d5 5. e5 Ne4 6. O-O c5 7. Re1 Bf5 8. Nbd2 Nc6 9. Nxe4 dxe4 10. Bxe4 Bxe4 11. Rxe4 Be7 12. Rg4 g6 13. Bh6 Qd7 14. Qe2 Qxg4 15. Qb5 Qd7 16. e6 fxe6 17. Re1 O-O-O 18. Nd2 Kb8 19. Nc4 Ka8 20. Qa4 Qc7 21. Rxe6 Rhe8 22. g3 Bf8 23. Bf4 Qxf4 24. gxf4 Rxe6 25. Qb5 Rde8 26. a3 Kb8 27. Kg2 Kc7 28. Qb3 Bd6 29. Qg3 Rf6 30. Nxd6 Rxd6 31. Qh4 Rd7 32. Qg5 Ree7 33. Qxc5 Rf7 34. Kg3 b6 35. Qc4 Kb7 36. Qd3 Rf5 37. Qe4 Rdf7 38. b4 a6 39. a4 Rxf4 40. Qd5 R4f5 41. Qe4 Rf4 42. Qd5 R4f5 43. Qe4 Kc7 44. b5 axb5 45. axb5 Rxb5 46. Qe6 Rbf5 47. Qe2 Rxf2 48. Qxf2 Rxf2 49. Kxf2 Kd6 50. Kg3 Ke5 51. Kg4 Ne7 52. Kg5 Nd5 53. Kh6 Ne3 54. Kxh7 Nxc2 55. Kxg6 d3 56. h4 d2 57. h5 d1=Q 58. h6 Qg4+ 59. Kf7 Qf5+ 60. Kg7 Qg5+ 61. Kh7 Kf6 62. Kh8 Qxh6+ 63. Kg8 Qg7# 0-1


[Site "https://www.chess.com"]

[Event "Titled Tuesday Blitz May 23 Early 2023"]
[White "Lehtosaari, Mauri"]
[Black "Jiganchine, Roman"]
[WhiteFideId "501999"]
[BlackFideId "2603667"]
[WhiteElo "2501"]
[BlackElo "2303"]
[Result "1/2-1/2"]
[Round "04"]
[TimeControl "180+2"]
[Date "2023.05.23"]
[WhiteClock "0:00:15"]
[BlackClock "0:00:06"]

1. d4 d5 2. Nf3 Nf6 3. Bg5 Ne4 4. Bf4 c5 5. e3 Nc6 6. c3 Qb6 7. Qb3 c4 8. Qxb6 axb6 9. Nfd2 Bf5 10. Be2 e6 11. Bf3 Nxd2 12. Nxd2 b5 13. e4 dxe4 14. Nxe4 Bxe4 15. Bxe4 Be7 16. O-O O-O 17. a3 Rfd8 18. Rad1 g5 19. Bc1 f5 20. Bc2 Bf6 21. Rfe1 Kf7 22. g3 Ne7 23. f4 g4 24. Be3 Nd5 25. Bf2 h5 26. Re2 h4 27. Rde1 Ra6 28. Bb1 Rh8 29. Kg2 Bd8 30. Be3 Rh6 31. Bd2 Bc7 32. Bc2 Ra8 33. Rh1 Rah8 34. Ree1 hxg3 35. hxg3 Rh3 36. Rxh3 Rxh3 37. Ra1 Rh8 38. Rb1 Ra8 39. Rh1 Kg7 40. Bc1 Ra6 41. Re1 Kf7 42. Bd2 Kg7 43. Rb1 Kf7 44. Bc1 Kg7 45. Kf2 Kf7 46. Ke2 Bd6 47. Kd2 Ra8 48. Ra1 Rh8 49. a4 Rh2+ 50. Kd1 Rh1+ 51. Kd2 Rh2+ 52. Kd1 Rh1+ 53. Kd2 Rh2+ 1/2-1/2


[Site "https://www.chess.com"]

[Event "Titled Tuesday Blitz May 23 Early 2023"]
[White "Lesbekova, Assel"]
[Black "Tanmay Jain"]
[WhiteFideId "13713248"]
[BlackFideId "45015481"]
[WhiteElo "1805"]
[BlackElo "2032"]
[Result "1-0"]
[Round "04"]
[TimeControl "180+2"]
[Date "2023.05.23"]
[WhiteClock "0:00:15"]
[BlackClock "0:00:00"]

1. e4 c5 2. Nf3 d6 3. Bb5+ Bd7 4. Bxd7+ Nxd7 5. O-O Ngf6 6. Qe2 g6 7. b3 Bg7 8. Bb2 O-O 9. c4 Ne8 10. Bxg7 Nxg7 11. d4 e5 12. dxe5 Nxe5 13. Rd1 Qf6 14. Nc3 Rad8 15. Nd5 Nxf3+ 16. Qxf3 Qe5 17. Qc3 Ne6 18. Nf6+ Kg7 19. Qxe5 dxe5 20. Nd7 Rfe8 21. Nxe5 Nd4 22. Nd3 Ne2+ 23. Kf1 Nc3 24. Rd2 Nxe4 25. Rdd1 Nc3 26. Rd2 Re7 27. Rc1 Ne4 28. Rdd1 Red7 29. Nb2 Nd2+ 30. Kg1 f5 31. f3 Kf6 32. Kf2 b6 33. g3 Rd4 34. Kg2 R4d6 35. Rc2 Rd4 36. Re1 R4d6 37. Re2 Nb1 38. Na4 1-0


[Site "https://www.chess.com"]

[Event "Titled Tuesday Blitz May 23 Early 2023"]
[White "Zampronha, Wladimir Camilo"]
[Black "Mostbauer, Florian"]
[WhiteFideId "2103087"]
[BlackFideId "1626671"]
[WhiteElo "2176"]
[BlackElo "2234"]
[Result "0-1"]
[Round "04"]
[TimeControl "180+2"]
[Date "2023.05.23"]
[WhiteClock "0:00:00"]
[BlackClock "0:00:19"]

1. e4 c6 2. d4 d5 3. e5 Bf5 4. Nf3 e6 5. Be2 c5 6. Be3 Qb6 7. Nc3 Nc6 8. dxc5 Bxc5 9. Bxc5 Qxc5 10. O-O Nge7 11. Nb5 O-O 12. Nbd4 Rac8 13. Nxf5 Nxf5 14. Bd3 Nfe7 15. Re1 Nb4 16. c3 Nxd3 17. Qxd3 Qc4 18. Qxc4 Rxc4 19. Nd4 a6 20. g3 Rfc8 21. Rad1 Nc6 22. Nxc6 R8xc6 23. Re2 b5 24. a3 g5 25. h3 Kg7 26. Kg2 Kg6 27. Rd4 Rxd4 28. cxd4 Rc4 29. Rd2 a5 30. g4 h5 31. Kg3 h4+ 32. Kf3 b4 33. axb4 Rxb4 34. Ke2 Rb3 35. f3 a4 36. Rc2 f6 37. exf6 Kxf6 38. Rd2 e5 39. dxe5+ Kxe5 40. Kf2 d4 41. Ke2 Kd5 42. Kf2 Kc4 43. Ke2 Re3+ 44. Kf2 Rd3 45. Rxd3 Kxd3 46. f4 gxf4 47. g5 Kc2 48. g6 d3 49. g7 d2 50. g8=Q d1=Q 51. Qc4+ Kxb2 52. Qxf4 a3 53. Qf6+ Kb1 54. Qxh4 Qc2+ 55. Kf3 a2 56. Qb4+ Kc1 57. Qa3+ Kd1 58. Qd6+ Qd2 59. Qa3 Qd5+ 60. Kg3 Qe5+ 0-1


[Site "https://www.chess.com"]

[Event "Titled Tuesday Blitz May 23 Early 2023"]
[White "Omariev, Maksim"]
[Black "Fajdetic, Hrvoje"]
[WhiteFideId "4193423"]
[BlackFideId "14501945"]
[WhiteElo "2497"]
[BlackElo "2185"]
[Result "0-1"]
[Round "04"]
[TimeControl "180+2"]
[Date "2023.05.23"]
[WhiteClock "0:00:06"]
[BlackClock "0:00:07"]

1. g4 h5 2. g5 g6 3. d4 d5 4. Bg2 e6 5. c4 c6 6. Nc3 Ne7 7. Nf3 Bg7 8. Qd3 O-O 9. Bf4 Nd7 10. e4 dxc4 11. Qxc4 b5 12. Qd3 e5 13. Be3 exd4 14. Bxd4 Ne5 15. Nxe5 Bxe5 16. O-O-O Bxd4 17. Qxd4 Qxd4 18. Rxd4 Be6 19. Rhd1 a5 20. Kb1 Rab8 21. f4 c5 22. Rd6 b4 23. Na4 c4 24. Nc5 Bg4 25. Rc1 c3 26. bxc3 bxc3+ 27. Ka1 Rb2 28. Bf1 Rfb8 29. h3 Bf3 30. Bc4 Rc8 31. Nd3 Rxc4 32. Nxb2 cxb2+ 33. Kxb2 Rxe4 34. Rc7 Nf5 35. Rf6 Re7 36. Rxe7 Nxe7 37. Ra6 Nd5 38. Rxa5 Nxf4 39. h4 Ng2 40. Ra4 Kg7 41. Rb4 Bg4 42. a4 Nxh4 43. a5 Nf5 44. a6 Bf3 45. a7 h4 46. Rf4 Bd5 47. Kc3 h3 48. Rf2 Nd6 49. Kd4 Ba8 50. Kc5 Ne4+ 51. Kb6 Nxf2 52. Kc7 Bf3 53. Kb8 h2 54. a8=Q Bxa8 55. Kc8 h1=Q 56. Kd8 Qb7 57. Ke8 Ne4 58. Kd8 Nc5 59. Ke8 Qd7# 0-1


[Site "https://www.chess.com"]

[Event "Titled Tuesday Blitz May 23 Early 2023"]
[White "mohsengabr2002"]
[Black "Trakru, Rohun"]
[BlackFideId "2097613"]
[WhiteElo "2290"]
[BlackElo "1852"]
[Result "1-0"]
[Round "04"]
[TimeControl "180+2"]
[Date "2023.05.23"]
[WhiteClock "0:01:03"]
[BlackClock "0:00:26"]

1. e4 c6 2. d3 d5 3. Nd2 g6 4. g3 Bg7 5. Bg2 d4 6. f4 c5 7. Ngf3 Nc6 8. O-O e5 9. Nc4 Bg4 10. h3 Bxf3 11. Qxf3 Nge7 12. f5 f6 13. fxg6 hxg6 14. g4 b5 15. Nd2 Rf8 16. g5 f5 17. exf5 gxf5 18. Nb3 Qd6 19. Qh5+ Kd7 20. a4 a6 21. axb5 axb5 22. Rxa8 Rxa8 23. Qf7 Bh8 24. Rxf5 c4 25. Nd2 Ra1 26. Rf1 cxd3 27. cxd3 Qg6 28. Qf3 Qg8 29. h4 Kc7 30. Ne4 Kb6 31. Nf6 Bxf6 32. gxf6 1-0


[Site "https://www.chess.com"]

[Event "Titled Tuesday Blitz May 23 Early 2023"]
[White "Korkmaz, Necmettin"]
[Black "Wimalasuriya, Kasun M."]
[WhiteFideId "6303285"]
[BlackFideId "9906789"]
[WhiteElo "2097"]
[BlackElo "2279"]
[Result "0-1"]
[Round "04"]
[TimeControl "180+2"]
[Date "2023.05.23"]
[WhiteClock "0:00:00"]
[BlackClock "0:00:04"]

1. e4 c5 2. Nc3 Nc6 3. f4 g6 4. Nf3 Bg7 5. Bb5 Nd4 6. O-O Nxb5 7. Nxb5 d5 8. exd5 Nf6 9. c4 O-O 10. d4 a6 11. Nc3 cxd4 12. Nxd4 Qb6 13. Kh1 Qc5 14. Qd3 b5 15. cxb5 Nxd5 16. Nxd5 Qxd5 17. Qf3 Qxf3 18. Nxf3 axb5 19. Ne5 Be6 20. a3 b4 21. Bd2 bxa3 22. bxa3 Rfd8 23. Bb4 Ra7 24. Rae1 Bxe5 25. Rxe5 Rd3 26. Rc1 Rdxa3 27. Bxa3 Rxa3 28. Kg1 Ra7 29. Rc2 Kg7 30. Rec5 Kf6 31. Kf2 h5 32. h3 Ra4 33. Kg3 Ra3+ 34. R5c3 Ra4 35. Rf2 Bd5 36. Kh4 e6 37. g4 hxg4 38. hxg4 Ra7 39. g5+ Kg7 40. Kg4 Ra4 41. Rh2 e5 42. Rf2 Be6+ 43. Kg3 exf4+ 44. Rxf4 Ra5 45. Kh4 Ra8 46. Kg3 Rh8 47. Rh4 Ra8 48. Re4 Ra5 49. Kh4 Ra8 50. Rce3 Rh8+ 51. Kg3 Rh3+ 52. Kf4 Rh4+ 53. Ke5 Rh5 54. Rg3 Rh1 55. Kd6 Rd1+ 56. Ke7 Rd7+ 57. Ke8 Rd5 58. Rh4 Rc5 59. Rg1 Rc8+ 60. Ke7 Rc5 61. Rgh1 Rc7+ 62. Kd6 Rd7+ 63. Kc6 Rd5 64. Rh7+ Kf8 65. Rg1 Ke7 66. Ra1 Rxg5 67. Ra7+ Kf6 68. Kd6 Rg2 69. Rh1 Rd2+ 70. Kc7 Rc2+ 71. Kd8 Rd2+ 72. Kc7 g5 73. Rf1+ Kg6 74. Ra5 g4 75. Rg1 f5 76. Ra6 Kf6 77. Re1 Rc2+ 78. Kd8 Rd2+ 79. Ke8 Kg5 80. Raxe6 f4 81. R1e5+ Kh4 82. Rh6+ Kg3 83. Rg6 f3 84. Reg5 Rd4 85. Rf6 Rf4 86. Rfg6 f2 87. Rxg4+ Rxg4 88. Rf6 Rf4 89. Rg6+ Kf3 0-1


[Site "https://www.chess.com"]

[Event "Titled Tuesday Blitz May 23 Early 2023"]
[White "Estremera Panos, Sergio"]
[Black "Khamdamova, Afruza"]
[WhiteFideId "2200864"]
[BlackFideId "14210444"]
[WhiteElo "2253"]
[BlackElo "2312"]
[Result "1/2-1/2"]
[Round "04"]
[TimeControl "180+2"]
[Date "2023.05.23"]
[WhiteClock "0:00:12"]
[BlackClock "0:00:02"]

1. d4 Nf6 2. c4 e6 3. Nc3 d5 4. cxd5 exd5 5. Bg5 Be7 6. e3 c6 7. Bd3 O-O 8. Qc2 Nbd7 9. Nf3 h6 10. Bh4 Re8 11. O-O Ne4 12. Bxe7 Qxe7 13. Bxe4 dxe4 14. Nd2 Nf6 15. Rae1 Bg4 16. f3 exf3 17. Nxf3 Bxf3 18. Rxf3 Ne4 19. Ref1 f6 20. Nxe4 Qxe4 21. Qb3+ Kh8 22. Qxb7 Rab8 23. Qxa7 Rxb2 24. Rg3 Re7 25. Qa6 h5 26. Qc8+ Kh7 27. h3 Rxa2 28. Rxf6 h4 29. Rh6+ Kxh6 30. Rg4 Qxe3+ 31. Kh2 Re8 32. Rxh4+ Kg6 33. Qxc6+ Qe6 34. Rg4+ Kh7 35. Qb7 Qd6+ 36. Rg3 Rxg2+ 37. Qxg2 Qxd4 38. Qc2+ Kh8 39. Qd3 Qb2+ 40. Rg2 Qe5+ 41. Qg3 Qf6 42. Qg6 Qe5+ 43. Qg3 Qd4 44. Qg6 Re7 45. Qh5+ Kg8 46. Qg6 Rc7 47. Qg3 Rc5 48. Qb3+ Kh7 49. Qg3 Rh5 50. Qg4 Qe5+ 51. Qg3 Qf6 52. Qg4 Rh6 53. Qe4+ Kh8 54. Qe8+ Kh7 55. Qe4+ Kh8 56. Qe8+ Kh7 57. Qe4+ 1/2-1/2


[Site "https://www.chess.com"]

[Event "Titled Tuesday Blitz May 23 Early 2023"]
[White "Rosh Jain"]
[Black "Ordekalog"]
[WhiteFideId "25789465"]
[WhiteElo "2233"]
[BlackElo "2493"]
[Result "0-1"]
[Round "04"]
[TimeControl "180+2"]
[Date "2023.05.23"]
[WhiteClock "0:01:04"]
[BlackClock "0:01:00"]

1. e4 d5 2. exd5 Qxd5 3. Nc3 Qa5 4. d4 Nf6 5. Nf3 Bg4 6. Bc4 e6 7. Bd2 c6 8. Nd5 Qd8 9. Nxf6+ Qxf6 10. Bc3 Bxf3 11. Qxf3 Qxf3 12. gxf3 Nd7 13. O-O-O O-O-O 14. Rhg1 Nf6 15. b3 Ba3+ 16. Kb1 b5 17. Bd3 Nd5 18. Bb2 Bxb2 19. Kxb2 g6 20. Rg4 h5 21. Re4 b4 22. Rde1 Kc7 23. a3 a5 24. Re5 Kb6 25. Bc4 Nc3 26. axb4 axb4 27. Ra1 Ra8 28. Ree1 Rhd8 29. Rxa8 Rxa8 30. Re5 Rd8 31. Re3 Rxd4 0-1


[Site "https://www.chess.com"]

[Event "Titled Tuesday Blitz May 23 Early 2023"]
[White "Afanasieva, Alexandra"]
[Black "Devaev, Alexander"]
[WhiteFideId "34126926"]
[BlackFideId "4169395"]
[WhiteElo "1745"]
[BlackElo "2172"]
[Result "0-1"]
[Round "04"]
[TimeControl "180+2"]
[Date "2023.05.23"]
[WhiteClock "0:00:33"]
[BlackClock "0:01:06"]

1. e4 c6 2. d4 d5 3. Nc3 dxe4 4. Nxe4 Bf5 5. Ng3 Bg6 6. h4 h6 7. Bd3 Bxd3 8. Qxd3 Nd7 9. Nf3 e6 10. Bf4 Qa5+ 11. c3 Ngf6 12. O-O Be7 13. Ne5 O-O 14. Rfe1 Nxe5 15. Bxe5 Rfd8 16. Qc2 Rac8 17. b3 c5 18. dxc5 Qxc5 19. c4 Ng4 20. Qe4 Nxf2 21. Qe3 Qxe3 22. Rxe3 Ng4 23. Ree1 Nxe5 24. Rxe5 Bf6 25. Rae1 Bxe5 26. Rxe5 Rd1+ 27. Kf2 Rd2+ 28. Re2 Rcd8 29. Ke3 R8d3+ 30. Kf2 Rxe2+ 31. Nxe2 Rd2 32. Ke3 Rxa2 33. Nd4 Rxg2 34. Nb5 Ra2 0-1


[Site "https://www.chess.com"]

[Event "Titled Tuesday Blitz May 23 Early 2023"]
[White "ChawitAp"]
[Black "Lucas, Arthur"]
[BlackFideId "26093073"]
[WhiteElo "2263"]
[BlackElo "2251"]
[Result "0-1"]
[Round "04"]
[TimeControl "180+2"]
[Date "2023.05.23"]
[WhiteClock "0:00:05"]
[BlackClock "0:01:08"]

1. d4 g6 2. Nf3 Bg7 3. c3 Nf6 4. Bf4 d6 5. Nbd2 O-O 6. h3 b6 7. e3 Bb7 8. Be2 Nbd7 9. O-O a6 10. a4 c5 11. dxc5 bxc5 12. Rb1 Ra7 13. Qc2 Qa8 14. b4 Ne4 15. Nxe4 Bxe4 16. Bd3 Bxf3 17. gxf3 Qxf3 18. b5 axb5 19. axb5 Qxh3 20. Be4 Rb8 21. c4 Nb6 22. Rfd1 Qe6 23. Bd5 Nxd5 24. cxd5 Qf5 25. Qc4 Qg4+ 26. Kf1 g5 27. b6 Rab7 28. Qa6 gxf4 29. exf4 Qxf4 30. Ke2 Qe4+ 31. Kf1 Bd4 32. Rb3 Qh1+ 33. Ke2 Qh5+ 34. Kf1 Qxd1+ 0-1


[Site "https://www.chess.com"]

[Event "Titled Tuesday Blitz May 23 Early 2023"]
[White "Goncalves, Davi Sulzbacher"]
[Black "James, Stuart"]
[WhiteFideId "2154510"]
[BlackFideId "7400489"]
[WhiteElo "2182"]
[BlackElo "1950"]
[Result "1-0"]
[Round "04"]
[TimeControl "180+2"]
[Date "2023.05.23"]
[WhiteClock "0:00:07"]
[BlackClock "0:00:07"]

1. Nf3 d5 2. d4 Nf6 3. c4 e6 4. g3 Be7 5. Bg2 O-O 6. O-O dxc4 7. Qc2 c5 8. dxc5 Bxc5 9. Qxc4 Nbd7 10. Nc3 Qe7 11. Rd1 Nb6 12. Qb3 Bd7 13. Bg5 Bc6 14. Rac1 h6 15. Bxf6 Qxf6 16. Ne4 Bxe4 17. Rxc5 Rfd8 18. Rdc1 Bd5 19. Qc3 Na4 20. Qxf6 gxf6 21. R5c2 Bxa2 22. Ra1 Bb3 23. Rc7 b6 24. Ne1 Rac8 25. Rxa7 Rd1 26. Rxd1 Bxd1 27. Bf3 Nxb2 28. Kg2 Nc4 29. Bh5 Ne5 30. f4 Ng6 31. Rb7 Rc6 32. Kf2 Bb3 33. Nd3 Bd5 34. Nb4 Rd6 35. Nxd5 exd5 36. Ke3 f5 37. Kd4 Kg7 38. e3 Kf6 39. h3 Rc6 40. Kxd5 Rc3 41. Rxb6+ Kg7 42. Kd4 Ra3 43. Rb5 Ra4+ 44. Kd3 Ra3+ 45. Ke2 Ne7 46. Re5 Kf6 47. Rb5 Ra2+ 48. Kf3 Ra3 49. Rb6+ Kg7 50. Rb7 Kf6 51. Rb6+ Kg7 52. g4 fxg4+ 53. Bxg4 Nd5 54. Rd6 Rxe3+ 55. Kf2 Rd3 56. Be2 Rd4 57. Bf3 Rxf4 58. Rxd5 Rf6 59. Rh5 Rd6 60. Rf5 f6 61. Bh5 Ra6 62. Kg3 Ra7 63. Bg4 Rc7 64. Kh4 Re7 65. Ra5 Rc7 66. Bf5 Re7 67. Kh5 Re5 68. Ra7+ Kf8 69. Kg6 Re7 70. Ra8+ Re8 71. Ra6 Kg8 72. Rxf6 Rd8 73. Be6+ Kh8 74. Rf7 Rg8+ 75. Kxh6 Rg3 76. Rf8+ Rg8 77. Rxg8# 1-0


[Site "https://www.chess.com"]

[Event "Titled Tuesday Blitz May 23 Early 2023"]
[White "Ljukin, Sergei"]
[Black "Zaichenko, Daria"]
[WhiteFideId "14102200"]
[BlackFideId "4197453"]
[WhiteElo "2312"]
[BlackElo "2039"]
[Result "0-1"]
[Round "04"]
[TimeControl "180+2"]
[Date "2023.05.23"]
[WhiteClock "0:00:00"]
[BlackClock "0:00:08"]

1. e4 c5 2. Nf3 Nc6 3. d4 cxd4 4. Nxd4 Nf6 5. Nc3 d6 6. Bc4 e5 7. Nxc6 bxc6 8. Bg5 Be7 9. Qd2 Be6 10. Bb3 d5 11. Bxf6 Bxf6 12. exd5 cxd5 13. Nxd5 O-O 14. Nxf6+ Qxf6 15. O-O e4 16. Bxe6 Qxe6 17. b3 Rfd8 18. Qe3 Rd7 19. Rad1 Rad8 20. Rxd7 Rxd7 21. h3 g6 22. c4 a5 23. Rc1 Rd3 24. Qf4 e3 25. fxe3 Rxe3 26. c5 Re4 27. Qb8+ Kg7 28. c6 Re2 29. Qf4 Qd5 30. Qg3 Qd4+ 31. Kh2 Re3 32. Qg4 Qe5+ 33. Kh1 Rc3 34. Rxc3 Qxc3 35. Qe4 f5 0-1


[Site "https://www.chess.com"]

[Event "Titled Tuesday Blitz May 23 Early 2023"]
[White "Rom, Jasper"]
[Black "Antonio, Jorge Carlos"]
[WhiteFideId "2023733"]
[BlackFideId "113190"]
[WhiteElo "2233"]
[BlackElo "2247"]
[Result "0-1"]
[Round "04"]
[TimeControl "180+2"]
[Date "2023.05.23"]
[WhiteClock "0:00:00"]
[BlackClock "0:00:19"]

1. e4 c5 2. Nc3 e6 3. f4 Nc6 4. Nf3 d5 5. Bb5 Ne7 6. exd5 exd5 7. Qe2 Bg4 8. Bxc6+ bxc6 9. O-O g6 10. Qe5 Rg8 11. b3 Bg7 12. Qe2 d4 13. Ba3 dxc3 14. Bxc5 cxd2 15. Rad1 Bxf3 16. Rxf3 Bd4+ 17. Bxd4 Qxd4+ 18. Kh1 Rd8 19. Rd3 Qxf4 20. Rxd8+ Kxd8 21. Rxd2+ Ke8 22. h3 Qf6 23. Qd3 Kf8 24. c4 Kg7 25. Qd7 Nf5 26. Qxa7 Re8 27. Rd1 Ng3+ 28. Kg1 Qe5 29. Qf2 Nf5 30. g4 Ng3 31. Kg2 Ne2 32. Rd2 Nf4+ 33. Kf3 g5 34. Qd4 Qxd4 35. Rxd4 Nxh3 36. Rd6 Re6 37. Rxe6 fxe6 38. a4 Nf4 39. a5 e5 40. a6 Ne6 41. a7 Nc7 42. Ke4 Kf6 43. b4 Ke6 44. b5 cxb5 45. cxb5 Na8 46. Kd3 Kd5 47. Kc3 e4 48. Kd2 Kd4 49. Ke2 Ke5 50. Ke3 h6 51. Kd2 Kf4 52. Kc3 Kf3 53. Kd4 e3 54. Kc5 e2 55. b6 e1=Q 56. b7 Qc3+ 57. Kd6 Qd4+ 58. Ke7 Qxa7 0-1


[Site "https://www.chess.com"]

[Event "Titled Tuesday Blitz May 23 Early 2023"]
[White "Feinig, Mario"]
[Black "Flynn, Jacob"]
[WhiteFideId "1618113"]
[BlackFideId "2509393"]
[WhiteElo "2163"]
[BlackElo "2053"]
[Result "0-1"]
[Round "04"]
[TimeControl "180+2"]
[Date "2023.05.23"]
[WhiteClock "0:00:00"]
[BlackClock "0:01:17"]

1. e4 e5 2. Nc3 Nf6 3. g3 d5 4. exd5 Nxd5 5. Bg2 Nxc3 6. bxc3 Bd6 7. Nf3 Nc6 8. O-O O-O 9. h3 Re8 10. Re1 Bd7 11. Rb1 Rb8 12. d4 exd4 13. cxd4 Rxe1+ 14. Qxe1 Qf6 15. Bb2 Qe6 16. Qc3 Bb4 17. Qb3 Qxb3 18. axb3 Re8 19. d5 Ne7 20. c3 Bc5 21. c4 Nf5 22. Ne5 Bc8 23. Nd3 Bf8 24. g4 Nd6 25. Ra1 a6 26. Kf1 f6 27. Re1 Rxe1+ 28. Kxe1 b6 29. f4 Nb7 30. Bd4 Na5 31. f5 Nxb3 32. Bc3 Bd6 33. Ke2 a5 34. Ke3 Bd7 35. Nf4 Bc5+ 36. Kd3 a4 37. Kc2 Bd6 38. Ne6 Nc5 39. Kb2 Nd3+ 40. Ka2 Nc1+ 41. Kb2 Ne2 0-1


[Site "https://www.chess.com"]